AoeStats
← HR Pinkman

Arabia

509782216Analyzed
1v1 RM · 3d ago on Sep 28, 2026· 40m 6s· 2 players
Game mode
Random Map
Map size
Tiny (2 player)
Population
200
Speed
Normal
Resources
Standard
Victory
Conquest
Starting age
Dark Age
Ending age
Imperial Age
RankedLock teamsTeams togetherTeam positionsShared explorationLock speedFull tech treeHidden civsTurbo modeCheats
Victory
Defeat
🇨🇱 Armenians · Chile
2170
+21
🇦🇷 Mapuche · Argentina
2277
-21
HR Pinkman
6:31 Loom
8:42 Feudal Age
9:23 Double-Bit Axe
10:00 Horse Collar
18:21 Fletching
22:11 Castle Age
20:36 Padded Archer Armor
21:48 Scale Barding Armor
22:02 Bloodlines
22:16 Elite Skirmisher
22:58 Bodkin Arrow
28:33 Bow Saw
30:43 Forging
32:11 Wheelbarrow
34:08 Husbandry
38:04 Imperial Age
35:43 Heavy Plow
35:52 Scale Mail Armor
36:38 Iron Casting
36:08 Man-at-Arms
36:33 Gambesons
36:49 Squires
37:09 Chain Mail Armor
37:29 Hand Cart
36:53 Long Swordsman
39:27 Plate Mail Armor
38:54 Town Watch
39:58 Two-Handed Swordsman
DolunaK
6:22 Loom
9:03 Feudal Age
10:09 Double-Bit Axe
12:09 Town Watch
21:28 Castle Age
19:38 Horse Collar
20:04 Gold Mining
21:06 Scale Mail Armor
21:20 Champi Runner
23:05 Wheelbarrow
22:42 Bow Saw
23:54 Champi Warrior
25:20 Forging
25:59 Sanctity
34:58 Fletching
Connection lost

Rejoining the realm…

Still unreachable

The connection could not be restored.

Session expired

The server has moved on; the page needs a fresh start.